 Dungeon Crawl Stone Soup version 0.29.0-4-gdea44cf6ec (webtiles) character file.

Game seed: 12307683930142448565

539 qw the Ruffian (level 7, -8/57 HPs)
             Began as a Ghoul Fire Elementalist on Aug 30, 2022.
             Splashed by a jelly's acid (11 damage)
             ... on level 5 of the Dungeon.
             The game lasted 00:03:36 (5540 turns).

qw the Ruffian (Ghoul Fire Elementalist)            Turns: 5540, Time: 00:03:36

Health: -8/57      AC: 14    Str: 14    XL:     7   Next: 26%
Magic:  8/8        EV: 10    Int: 10    God:
Gold:   201        SH:  0    Dex:  9    Spells: 8/9 levels left

rFire   . . .      SeeInvis +     - Unarmed
rCold   + . .      Faith    .   (no shield)
rNeg    + + +      Spirit   .   a - +0 ring mail
rPois   inf        Reflect  .   (no helmet)
rElec   .          Harm     .   f - +0 cloak
rCorr   .          Rampage  .   (no gloves)
Will    .....                   (no boots)
Stlth   +.........              (no amulet)
HPRegen 0.00/turn               c - ring of see invisible
MPRegen 0.11/turn               e - ring of the Tortoise {AC+8}

@: inhibited regen
A: claws 1, cold resistance 1, negative energy resistance 3, inhibited
regeneration, torment resistance 2, devour on kill
a: no special abilities


You were on level 5 of the Dungeon.
You visited 1 branch of the dungeon, and saw 5 of its levels.

You collected 201 gold pieces.


Innate Abilities, Weirdness & Mutations

You are immune to poison.
You have sharp fingernails.
Your flesh is cold resistant. (rC+)
You are immune to negative energy. (rN+++)
You do not regenerate when monsters are visible.
You are immune to unholy pain and torment.
You thrive by killing the living.


   Skills:
 - Level 3.1 Fighting
 + Level 0.0 Armour
 - Level 1.7 Dodging
 - Level 2.1 Stealth
 - Level 7.3 Unarmed Combat
 - Level 1.7 Spellcasting
 - Level 0.7 Conjurations
 - Level 2.4 Fire Magic


You had 8 spell levels left.
You knew the following spells:

 Your Spells              Type           Power      Damage    Failure   Level
a - Foxfire               Conj/Fire      16%        2x1d4     34%         1

Your spell library contained the following spells:

 Spells                   Type           Power      Damage    Failure   Level
 Scorch                   Fire           10%        2d5       36%         2
 Conjure Flame            Conj/Fire      4%         6-21      71%         3
 Inner Flame              Hex/Fire       3%         N/A       77%         3
 Flame Wave               Conj/Fire      4%         2d5       98%         4

Inventory:

Armour
 a - a +0 ring mail (worn)
 f - a +0 cloak (worn)
Jewellery
 c - a ring of see invisible (left claw)
 e - the ring of the Tortoise (right claw) {AC+8}
   (You acquired it on level 1 of the Dungeon)

   [ring of protection]

   AC:        It affects your AC (+8).
Scrolls
 i - a scroll of identify
Potions
 b - a potion of curing {unknown}
 d - a potion of degeneration {unknown}
 g - a potion of might {unknown}
 l - a potion of berserk rage {unknown}

Dungeon Overview and Level Annotations

Branches:
Dungeon (5/15)
 Temple: D:4-7

Altars:


Message History

The jelly hits you but does no damage. The centaur closely misses you.
The centaur kicks you but does no damage.
You scratch the centaur.
The centaur is lightly wounded.
The centaur closely misses you.
The centaur kicks you but does no damage.
The jelly closely misses you.
You scratch the centaur.
The centaur is lightly wounded.
The centaur hits you but does no damage.
The centaur kicks you but does no damage.
The jelly closely misses you.
You barely miss the centaur.
The centaur is lightly wounded.
The centaur barely misses you.
The centaur kicks you but does no damage.
The jelly hits you but does no damage. The centaur barely misses you.
The centaur closely misses you.
You claw the centaur!
The centaur is severely wounded.
The centaur hits you but does no damage.
The centaur kicks you but does no damage.
The jelly closely misses you.
You closely miss the centaur.
The centaur is severely wounded.
The centaur hits you but does no damage.
The centaur kicks you.
You barely miss the centaur.
The centaur is severely wounded.
The centaur barely misses you.
The centaur kicks you but does no damage.
The jelly hits you but does no damage.
You claw the centaur!
You kill the centaur!
You feel better. The jelly hits you but does no damage.
Your Unarmed Combat skill increases to level 7!
You barely miss the jelly. The jelly hits you.
You are splashed with acid!
You die...

#.(......#
..#####.####
#. #.# ..
#[# ##. #.#
# ..### #.#
#.#.#.###.#
#...#..##.#
#)@.....#
#..J#..####
#.#.#.## #
..### ##. ..
#. ..


You could see a jelly.

Vanquished Creatures
  Sigmund (D:3)
  A centaur (D:5)
  A scorpion (D:4)
  4 iguanas
  Jessica (D:2)
  3 adders
  An ufetubus (D:5)
  3 worms
  5 dart slugs
  4 orcs (D:3)
  3 endoplasms (D:1)
  2 giant cockroaches
  5 goblins
  13 hobgoblins
  2 quokkas
  9 ball pythons
  7 bats
  3 frilled lizards
  4 kobolds (D:2)
  5 rats
77 creatures vanquished.

Notes
Turn   | Place    | Note
-------+----------+-------------------------------------------
     0 | D:1      | qw the Ghoul Fire Elementalist began the quest for the Orb.
     0 | D:1      | Reached XP level 1. HP: 14/14 MP: 2/2
     0 | D:1      | 0 ||| qw: Version: 0.1-a-90-g952f4b7
     0 | D:1      | 0 ||| qw: Game counter: 4257
     0 | D:1      | 0 ||| qw: Always use a shield: true
     0 | D:1      | 0 ||| qw: God list: Okawaru
     0 | D:1      | 0 ||| qw: Allow faded altars: false
     0 | D:1      | 0 ||| qw: Do Orc after D:15 true
     0 | D:1      | 0 ||| qw: Do second Lair branch before Depths: true
     0 | D:1      | 0 ||| qw: Lair rune preference: random
     0 | D:1      | 0 ||| qw: Plans: Normal
     0 | D:1      | 0 ||| PLANNING D:1-11
   129 | D:1      | Reached skill level 1 in Unarmed Combat
   194 | D:1      | Reached XP level 2. HP: 19/22 MP: 3/3
   296 | D:1      | Reached skill level 1 in Fighting
   760 | D:1      | 760 ||| Stepping ~*~*~tactically~*~*~ (hiding).
   862 | D:1      | 862 ||| Stepping ~*~*~tactically~*~*~ (hiding).
   964 | D:1      | 964 ||| Stepping ~*~*~tactically~*~*~ (hiding).
  1066 | D:1      | 1066 ||| Stepping ~*~*~tactically~*~*~ (hiding).
  1168 | D:1      | 1168 ||| Stepping ~*~*~tactically~*~*~ (hiding).
  1270 | D:1      | 1270 ||| Stepping ~*~*~tactically~*~*~ (hiding).
  1372 | D:1      | 1372 ||| Stepping ~*~*~tactically~*~*~ (hiding).
  1474 | D:1      | 1474 ||| Stepping ~*~*~tactically~*~*~ (hiding).
  1486 | D:1      | Reached skill level 2 in Unarmed Combat
  2155 | D:1      | Reached XP level 3. HP: 27/28 MP: 4/4
  2425 | D:1      | 2425 ||| UPGRADING to +0 cloak.
  2430 | D:1      | 2430 ||| UPGRADING to ring of see invisible.
  2431 | D:1      | 2431 ||| READING scroll labelled ISKORCH RIEFIMM.
  2431 | D:1      | Identified a scroll of acquirement
  2431 | D:1      | 2431 ||| ACQUIRING ring of the Tortoise {AC+8}
  2431 | D:1      | Acquired the ring of the Tortoise {AC+8}
  2431 | D:1      | Found the ring of the Tortoise {AC+8}
  2433 | D:1      | 2433 ||| UPGRADING to ring of the Tortoise {AC+8}.
  2434 | D:1      | 2434 ||| READING scroll labelled IVOUBY ZUICAI.
  2435 | D:1      | 2435 ||| DROPPING potion of magic.
  2504 | D:2      | Found a faded altar of an unknown god.
  2530 | D:2      | Noticed Jessica
  2539 | D:2      | Killed Jessica
  2540 | D:2      | Reached skill level 3 in Unarmed Combat
  2540 | D:2      | Reached XP level 4. HP: 35/35 MP: 5/5
  2724 | D:2      | 2724 ||| Stepping ~*~*~tactically~*~*~ (stealth).
  2733 | D:2      | 2733 ||| Stepping ~*~*~tactically~*~*~ (stealth).
  2736 | D:2      | 2736 ||| Stepping ~*~*~tactically~*~*~ (stealth).
  2815 | D:2      | 2815 ||| Stepping ~*~*~tactically~*~*~ (stealth).
  2816 | D:2      | 2816 ||| Stepping ~*~*~tactically~*~*~ (stealth).
  2827 | D:2      | 2827 ||| Stepping ~*~*~tactically~*~*~ (stealth).
  2875 | D:2      | 2875 ||| Stepping ~*~*~tactically~*~*~ (hiding).
  2977 | D:2      | 2977 ||| Stepping ~*~*~tactically~*~*~ (hiding).
  2988 | D:2      | 2988 ||| Stepping ~*~*~tactically~*~*~ (stealth).
  2989 | D:2      | 2989 ||| Stepping ~*~*~tactically~*~*~ (stealth).
  2992 | D:2      | 2992 ||| Stepping ~*~*~tactically~*~*~ (stealth).
  2993 | D:2      | 2993 ||| Stepping ~*~*~tactically~*~*~ (stealth).
  3002 | D:2      | 3002 ||| Stepping ~*~*~tactically~*~*~ (stealth).
  3010 | D:2      | Reached skill level 4 in Unarmed Combat
  3144 | D:2      | 3144 ||| READING scroll labelled EZOHUI HYSUSSO.
  3145 | D:2      | 3145 ||| READING scroll labelled BOEBBO URIOZA.
  3189 | D:3      | 3189 ||| Stepping ~*~*~tactically~*~*~ (hiding).
  3493 | D:3      | 3493 ||| Stepping ~*~*~tactically~*~*~ (stealth).
  3496 | D:3      | 3496 ||| Stepping ~*~*~tactically~*~*~ (outnumbered).
  3497 | D:3      | 3497 ||| Stepping ~*~*~tactically~*~*~ (outnumbered).
  3498 | D:3      | 3498 ||| Stepping ~*~*~tactically~*~*~ (outnumbered).
  3499 | D:3      | 3499 ||| Stepping ~*~*~tactically~*~*~ (outnumbered).
  3500 | D:3      | 3500 ||| Stepping ~*~*~tactically~*~*~ (outnumbered).
  3556 | D:3      | 3556 ||| Stepping ~*~*~tactically~*~*~ (stealth).
  3589 | D:3      | 3589 ||| Stepping ~*~*~tactically~*~*~ (stealth).
  3679 | D:3      | Noticed Sigmund
  3690 | D:3      | Killed Sigmund
  3691 | D:3      | Reached skill level 6 in Unarmed Combat
  3691 | D:3      | Reached XP level 5. HP: 41/41 MP: 6/6
  3691 | D:3      | Reached XP level 6. HP: 48/48 MP: 7/7
  4314 | D:3      | 4314 ||| UPGRADING to +0 leather armour.
  4324 | D:3      | 4324 ||| DROPPING +0 robe.
  4325 | D:3      | 4325 ||| READING scroll labelled HAAWAHOBRE.
  4326 | D:3      | 4326 ||| READING scroll labelled VUUTRAK EGEWI.
  4327 | D:3      | 4327 ||| DRINKING 2 dark potions.
  4328 | D:3      | 4328 ||| DROPPING potion of attraction.
  4383 | D:4      | 4383 ||| PLANNING SEWER
  4421 | D:4      | Reached skill level 3 in Fighting
  4596 | D:4      | Found a glowing drain.
  4605 | D:4      | 4605 ||| UPGRADING to +0 ring mail.
  4615 | D:4      | 4615 ||| DROPPING +0 leather armour.
  4616 | D:4      | 4616 ||| DROPPING orb of light.
  4617 | D:4      | 4617 ||| READING scroll labelled REROAL GUERHOXT.
  5026 | D:4      | 5026 ||| RIP SEWER
  5029 | D:4      | 5029 ||| PLANNING D:1-11
  5296 | D:5      | Entered Level 5 of the Dungeon
  5455 | D:5      | Reached XP level 7. HP: 53/57 MP: 8/8
  5516 | D:5      | 5516 ||| Stepping ~*~*~tactically~*~*~ (hiding).
  5517 | D:5      | 5517 ||| FLEEEEING.
  5518 | D:5      | 5518 ||| Stepping ~*~*~tactically~*~*~ (hiding).
  5524 | D:5      | HP: 13/57 [iguana (9)]
  5527 | D:5      | HP: 6/57 [iguana (7)]
  5537 | D:5      | HP: 4/57 [centaur (2)]
  5540 | D:5      | Reached skill level 7 in Unarmed Combat
  5540 | D:5      | Splashed by a jelly's acid

Levels and vault maps discovered:
D:1:      mrwooster_arrival_statue, layout_basic
D:2:      layout_rooms, shapermc_ecumenical_altar_starsandcircs,
          corexii_corridor_pit, uniq_jessica
D:3:      layout_basic, kennysheep_path_1, uniq_sigmund
D:4:      layout_loops_corners, portal_sewer_entry_b, grunt_decor_junction
D:5:      layout_loops_corners, wad_floor_pattern_1, hangedman_minor_gate_pass

Skill      XL: |  1  2  3  4  5  6  7 |
---------------+----------------------+-----
Unarmed Combat | 1 2 3 6 7 |  7.3
Fighting       | 1 2 3 |  3.1
Dodging        | |  1.7
Stealth        | |  2.1
Spellcasting   | |  1.7
Conjurations   | |  0.7
Fire Magic     | |  2.4

Action                   |  1- 3 |  4- 6 |  7- 9 || total
-------------------------+-------+-------+-------++-------
Melee: Unarmed           |   111 |   175 |    21 ||   307
       Punch             |     1 |     3 |       ||     4
  Use: Scroll            |     2 |     5 |       ||     7
       Potion            |       |     1 |       ||     1
Armor: Robe              |    17 |    41 |       ||    58
       Leather armour    |       |    10 |       ||    10
       Ring mail         |       |     9 |    22 ||    31
Dodge: Dodged            |    71 |    60 |    19 ||   150

Table legend:
 A = Non-vault XP
 B = Vault XP
 C = Vault XP percentage of total XP
 D = Non-vault monster count
 E = Vault monster count
 F = Vault count percentage of total count
                 A         B        C        D         E       F
            +---------+---------+-------+---------+---------+-------
      Total |     365 |     406 |  52.7 |      68 |       9 |  11.7
            +---------+---------+-------+---------+---------+-------
        D:1 |      41 |       0 |   0.0 |      24 |       0 |   0.0
        D:2 |      33 |      37 |  52.9 |      17 |       1 |   5.6
        D:3 |      54 |     214 |  79.9 |      16 |       1 |   5.9
        D:4 |     180 |      10 |   5.3 |       8 |       5 |  38.5
        D:5 |      57 |     145 |  71.8 |       3 |       2 |  40.0
            +---------+---------+-------+---------+---------+-------
